 Dungeon Crawl Stone Soup version 0.30-a0-830-gfe289a77b0 (webtiles) character file.

Game seed: 14358339078520752945

102 Nacht the Magician (level 5, 0/40 HPs)
             Began as a Djinni Conjurer on Mar 1, 2023.
             Slain by Robin
             ... wielding a +2 falchion of freezing
              (3 damage)
             ... on level 2 of the Dungeon.
             The game lasted 00:02:17 (1544 turns).

Nacht the Magician (Djinni Conjurer)                Turns: 1544, Time: 00:02:18

Health: 0/40       AC:  2    Str:  6    XL:     5   Next: 5%
Gold:   60         EV: 12    Int: 21    God:
                   SH:  0    Dex: 12

rFire   + + +      SeeInvis .    (no weapon)
rCold   . . .      Faith    .    (no shield)
rNeg    . . .      Spirit   .    a - +0 robe
rPois   ∞          Reflect  .    (no helmet)
rElec   +          Harm     .    (no cloak)
rCorr   +          Rampage  .    (no gloves)
Will    .....                    (boots unavailable)
Stlth   ++                       (no amulet)
HPRegen 0.26/turn                (no ring)
MPRegen 0.00/turn                (no ring)

@: resistant, flying
A: sickness immunity, fire resistance 2, cold vulnerability 1, float, innate
caster, HP casting, extra vitality 1
a: no special abilities


You were on level 2 of the Dungeon.
You visited 1 branch of the dungeon, and saw 2 of its levels.

You collected 60 gold pieces.

Inventory:

Armour
 a - a +0 robe (worn)
Jewellery
 e - a ring of see invisible
 m - a ring of protection from cold
Scrolls
 b - a scroll of vulnerability {unknown}
 i - a scroll of immolation {unknown}
 l - a scroll of magic mapping {unknown}
Potions
 h - a potion of degeneration {unknown}
 j - a potion of berserk rage {unknown}
 k - a potion of might {unknown}


   Skills:
 + Level 2.8 Fighting
 - Level 2.1 Dodging
 - Level 1.5 Stealth
 + Level 4.0 Spellcasting


You knew the following spells:

 Your Spells              Type           Power      Damage    Failure   Level
a - Magic Dart            Conj           84%        1d7       2%          1
b - Searing Ray           Conj           42%        2d6       3%          2
c - Fulminant Prism       Conj/Hex       10%        3d9       22%         4
d - Iskenderun's Mystic   Conj/Tloc      21%        2d6       22%         4
e - Dazzling Flash        Conj/Hex       42%        N/A       7%          3
f - Necrotise             Necr           84%        1d8       2%          1
g - Passwall              Tmut/Erth      17%        N/A       3%          2
Your spell library was empty.

Dungeon Overview and Level Annotations

Branches:
Dungeon (2/15)

Altars:

Annotations:
D:2 Robin


Innate Abilities, Weirdness & Mutations

You are immune to sickness and miasma.
You are immune to poison.
Your flesh is very heat resistant. (rF++)
You are vulnerable to cold. (rC-)
You float through the air rather than walking.
You learn spells naturally, not from books.
Your magical power is your life essence.
You have superior vitality. (+4 MHP)


Message History

* * * LOW HITPOINT WARNING * * *
Robin freezes you.
* * * LOW HITPOINT WARNING * * *
It was a potion of resistance.
You feel protected. The goblin hits you with a +0 dagger.
* * * LOW HITPOINT WARNING * * *
Robin drinks a potion.
Robin is healed!
It was a potion of flight.
You feel more buoyant. The goblin misses you.
Robin roars a battlecry!
The goblin goes into a battle-frenzy!
It was a potion of heal wounds.
You feel much better. The goblin hits you with a +0 dagger.
Robin's bangles clink loudly.
Robin barely misses you.
Casting: Searing Ray (safe; 3% risk of failure)
Confirm with . or Enter, or press ? or * to list all spells.
Aiming: Magic Dart (safe; 2% risk of failure)
Press: ? - help, Shift-Dir - straight line, f - goblin
Aim: a goblin, wielding a +0 dagger (strong, 100% to hit)
The magic dart hits the goblin.
You kill the goblin!
Robin hits you with a +2 falchion of freezing.
Robin freezes you.
* * * LOW HITPOINT WARNING * * *
Casting: Magic Dart (safe; 2% risk of failure)
Confirm with . or Enter, or press ? or * to list all spells.
Aiming: Searing Ray (safe; 3% risk of failure)
Press: ? - help, Shift-Dir - straight line, f - Robin
Aim: Robin, wielding a +2 falchion of freezing, wearing a +0 animal skin and wearing a +0 helmet (lightly wounded, 84% to hit)
The searing ray hits Robin!
Robin is severely wounded. (Press . to maintain the ray.)
* * * LOW HITPOINT WARNING * * *
Robin hits you with a +2 falchion of freezing!
* * * LOW HITPOINT WARNING * * *
Robin freezes you.
You die...

.# ###.####.....# .# #.#
####### g....# ## #.#
ggg..# #.# gg5..# #.#
..... ## #.###### gg.g.##
#♣P♣ ♣.. ...# §.#...#
....♣♣.####.########....#
.P.P.P.........)@g†))#
#♣PP..#####.##########
.♣♣♣.♣#####.#
............#
#..)#.##.#### ...♣♣♣♣
#.♣PP #.♣♣.. ..♣ ♣..


You could see Robin.

Vanquished Creatures
  Natasha (twice) (D:2)
  5 bats (D:1)
  An endoplasm (D:2)
  A giant cockroach (D:1)
  11 goblins
  13 hobgoblins
  A quokka (D:1)
  3 ball pythons (D:1)
  2 frilled lizards (D:1)
  6 kobolds
  A rat (D:1)
46 creatures vanquished.

Notes
Turn   | Place    | Note
-------+----------+-------------------------------------------
     0 | D:1      | Nacht the Djinni Conjurer began the quest for the Orb.
     0 | D:1      | Nacht set off with the following spells memorised: Magic
                  | Dart, Searing Ray, Dazzling Flash, Fulminant Prism,
                  | Iskenderun's Mystic Blast.
     0 | D:1      | Reached XP level 1. HP: 15/15 MP: 0/0
   101 | D:1      | Reached XP level 2. HP: 19/22 MP: 0/0
   167 | D:1      | Reached skill level 1 in Fighting
   242 | D:1      | Found a faded altar of an unknown god.
   691 | D:1      | Reached XP level 3. HP: 25/27 MP: 0/0
   691 | D:1      | Learned a level 1 spell: Necrotise
  1392 | D:2      | Noticed Natasha
  1397 | D:2      | Killed Natasha
  1398 | D:2      | Reached XP level 4. HP: 26/34 MP: 0/0
  1517 | D:2      | Noticed Natasha
  1523 | D:2      | Noticed Robin
  1531 | D:2      | Killed Natasha
  1532 | D:2      | Reached skill level 4 in Spellcasting
  1534 | D:2      | Reached XP level 5. HP: 21/40 MP: 0/0
  1534 | D:2      | Learned a level 2 spell: Passwall
  1544 | D:2      | Slain by Robin

Illustrated notes

Levels and vault maps discovered:
D:1:      minmay_arrival_up_and_down, layout_basic, shapermc_ecumenical_altar_gd
D:2:      layout_loops_cross, serial_forest, infiniplex_forest_corner_1,
          infiniplex_forest_lined_2, infiniplex_forest_end_1,
          infiniplex_forest_clump_curved, infiniplex_forest_straight_4,
          infiniplex_forest_clump_medium, infiniplex_forest_end_3,
          uniq_crazy_yiuf_cottage, uniq_robin, uniq_natasha

Skill      XL: |  1  2  3  4 |
---------------+-------------+-----
Fighting       | 1 2 |  2.8
Spellcasting   | 4 |  4.0
Dodging        | |  2.1
Stealth        | |  1.5

Action                     |  1- 3 |  4- 6 || total
---------------------------+-------+-------++-------
  Melee: Unarmed           |     2 |       ||     2
   Cast: Magic Dart        |    27 |     1 ||    28
         Searing Ray       |    18 |     6 ||    24
    Use: Potion            |       |     4 ||     4
 Armour: Robe              |     1 |     1 ||     2
  Dodge: Dodged            |    21 |     5 ||    26

Table legend: (Time is in decaauts)
 A = Elapsed time spent in this place.
 B = Non-inter-level travel time spent in this place.
 C = Inter-level travel time spent in this place.
 D = Time resting spent in this place.
 E = Time spent auto-exploring this place.
 F = Levels seen in this place.
 G = Mean time per level.
                   A        B        C        D        E       F      G
               +--------+--------+--------+--------+--------+-----+--------+
         Total |   1543 |   1526 |     17 |      0 |   1310 |   2 |  771.5 |
       Dungeon |   1543 |   1526 |     17 |      0 |   1310 |   2 |  771.5 |
               +--------+--------+--------+--------+--------+-----+--------+

Top non-repeatable levels by time:
     D:1: 1372 daAuts
     D:2: 171 daAuts
